 Dungeon Crawl Stone Soup version 0.18-a0-1045-g4e042de (webtiles) character file.

77164 namelastname112 the Covert (level 15, -4/126 HPs)
             Began as a Grey Draconian Wizard on Jan 11, 2016.
             Was an Initiate of Gozag.
             Slain by a red devil
             ... wielding a +0 trident
             ... summoned by an orc high priest
              (15 damage)
             ... on level 1 of the Orcish Mines on Jan 12, 2016.
             The game lasted 01:22:23 (32150 turns).

namelastname112 the Covert (Grey Draconian Wizard) Turns: 32150, Time: 01:22:25

Health: -4/126     AC: 23    Str: 10    XL:     15   Next: 14%
Magic:  19/29      EV: 22    Int: 23    God:    Gozag
Gold:   1080       SH:  0    Dex: 21    Spells: 5 memorised, 20 levels left

rFire  . . .     SeeInvis +     e - +2 dagger (elec)
rCold  + + .     Gourm    .     (armour unavailable)
rNeg   + . .     Faith    .     (no shield)
rPois  .         Spirit   .     b - +3 crown of Dyrovepreva {rElec Int+2 SInv}
rElec  +         Dismiss  .     C - +2 cloak of the Hot Ocelot {rElec Dex+2 Slay+3}
rCorr  .         Reflect  .     (no gloves)
SustAt .         Harm     .     X - +2 pair of boots
MR     +....                    E - amulet of the Yeti {rN+ Regen+ Int+2}
Stlth  ++++++....               q - ring of Caaselow {rC++ Dex+4 SInv}
                                S - ring of stealth

@: about to teleport, very slightly contaminated, somewhat resistant to hostile
enchantments, very stealthy
A: walk through water, unfitting armour, unbreathing, cold-blooded, AC +14
a: Potion Petition, Call Merchant, Bribe Branch, Renounce Religion


You were on level 1 of the Orcish Mines.
You worshipped Gozag.
Gozag was noncommittal.
You were full.

You visited 5 branches of the dungeon, and saw 23 of its levels.

You collected 8460 gold pieces.
You spent 1508 gold pieces at shops.
You paid 5872 gold pieces to Gozag.

Inventory:

Hand Weapons
 e - a +2 dagger of electrocution (weapon)
Missiles
 g - 2 throwing nets (quivered)
 t - 7 curare-tipped needles
Armour
 b - the +3 crown of Dyrovepreva (worn) {rElec Int+2 SInv}
   (You bought it in a shop on level 1 of the Lair of Beasts)

   It affects your intelligence (+2).
   It insulates you from electricity.
   It lets you see invisible.
 l - a +0 buckler
 C - the +2 cloak of the Hot Ocelot (worn) {rElec Dex+2 Slay+3}
   (You found it on level 4 of the Lair of Beasts)

   It affects your dexterity (+2).
   It affects your accuracy and damage with ranged weapons and melee attacks
   (+3).
   It insulates you from electricity.
 X - a +2 pair of boots (worn)
Jewellery
 h - an uncursed ring of protection from fire
 q - the ring of Caaselow (right hand) {rC++ Dex+4 SInv}
   (You found it on level 8 of the Lair of Beasts)

   [ring of see invisible]

   It affects your dexterity (+4).
   It greatly protects you from cold.
   It lets you see invisible.
 E - the amulet of the Yeti (around neck) {rN+ Regen+ Int+2}
   (You found it on level 9 of the Dungeon)

   [amulet of regeneration]

   It affects your intelligence (+2).
   It protects you from negative energy.
   It increases your rate of regeneration.
 F - an uncursed ring of wizardry
 S - a ring of stealth (left hand)
Wands
 I - a wand of paralysis (11/24)
 Y - a wand of teleportation (0/9)
Scrolls
 a - a scroll of fear
 i - 4 scrolls of fog
 k - 14 scrolls of identify
 n - 2 scrolls of recharging
 o - 2 scrolls of remove curse
 p - 3 scrolls of teleportation
 u - a scroll of silence
 K - 2 scrolls of magic mapping
Potions
 m - 3 potions of agility
 r - a potion of berserk rage
 s - a potion of resistance {unknown}
 w - 2 potions of cure mutation
 x - 4 potions of magic
 H - 3 potions of curing
 N - 3 potions of brilliance {unknown}
 U - 3 potions of haste
Comestibles
 G - a beef jerky


   Skills:
 - Level 10.1 Fighting
 - Level 10.0 Short Blades
 - Level 10.3 Dodging
 + Level 13.2 Stealth
 * Level 6.0 Shields
 + Level 10.7 Spellcasting
   Level 1.0 Conjurations
 + Level 10.0 Hexes
   Level 1.0 Summonings
 - Level 1.0 Translocations


You had 20 spell levels left.
You knew the following spells:

 Your Spells              Type           Power        Failure   Level  Hunger
a - Tukima's Dance        Hex            ######..     1%          3    None
b - Apportation           Tloc           ###.......   3%          1    None
c - Invisibility          Hex            ######..     14%         6    ######.
x - Confuse               Hex            ######..     1%          3    None
z - Ensorcelled Hibernat  Hex/Ice        #####.       1%          2    None


Dungeon Overview and Level Annotations

Branches:
Dungeon (10/15)            Temple (1/1) D:5            Lair (8/8) D:10
 Shoals (0/4) Lair:5        Snake (0/4) Lair:5        Slime (0/6) Lair:6
    Orc (2/2) D:10            Elf (2/3) Orc:2

Altars:
Ashenzari
Cheibriados
Dithmenos
Elyvilon
Fedhas
Gozag
Kikubaaqudgha
Makhleb
Nemelex Xobeh
Okawaru
Pakellas
Qazlal
Ru
Sif Muna
Trog
Vehumet
Xom
Yredelemnul
Zin
The Shining One
Jiyva

Shops:
D:4 [   D:10 }?   Orc:1 %   Orc:2 =[[(((   Lair:1 [(*   Lair:7 (

Annotations:
D:3 namelastname112's ghost, amateur DrWz
Orc:1 yogakurto's ghost, journeyman GrMo


Innate Abilities, Weirdness & Mutations

You can walk through water.
Your dull iron-grey scales are very hard (AC +14).
Your body does not fit into most forms of armour.
You can survive without breathing.
You are cold-blooded and may be slowed by cold attacks.


Message History

The tomahawk of returning completely misses you.
The weapon returns to the orc warrior!
The orc high priest hits you but does no damage.
Read which item? (? for menu, Esc to quit)
Okay, then.
Drink which item? (? for menu, Esc to quit)
You feel better. The red devil closely misses you.
The sun demon completely misses you. The smoke demon misses you.
The smoke demon completely misses you.
The smoke demon hits you but does no damage.
Evoke which item? (* to show all) (? for menu, Esc to quit)
Zapping:
Y - a wand of teleportation (will waste charges)
Press: ? - help, Shift-Dir - straight line, f - you You feel strangely unstable.
Evoking this partially-identified wand wasted a few charges.
The orc high priest hits you from afar with a trident.
* * * LOW HITPOINT WARNING * * *
The red devil hits you from afar with a trident!
You die...
Your body crumbles into a pile of gold.

##.#...§.#......#
#...............##
#....##.W........# #
##.####..........#.$
#####...(..........
##.#..$..........
##.∩.∩.o4.o.....#
##.....3...[$....#.
#...∩.∩@3..>$......
##.#.........>.>...
#...#.......##..#..
##.#####...## #....
## #..#.. ...
....... .. #$.##....
o .... ....


You could see an orc high priest, a sun demon, a smoke demon, a red devil, an
orc warrior and yogakurto's ghost (confused).

Vanquished Creatures
  Gastronok (D:8)
  A fire dragon (Lair:8)
  9 hydras
  2 catoblepae
  A centaur warrior (Orc:2)
  3 death yaks
  Nergalle (Lair:3)
  A hill giant (D:10)
  2 orc knights (Orc:2)
  A harpy (Lair:8)
  A deep elf mage (Orc:2)
  A lindwurm (Lair:6)
  An orc sorcerer (Orc:2)
  9 griffons
  4 manticores (Lair:8)
  27 elephants
  2 cyclopes
  A salamander (Orc:2)
  Maurice (D:9)
  6 black mambas
  17 spiny frogs
  3 komodo dragons
  A kobold demonologist (D:10)
  8 fire drakes
  3 trolls
  2 polar bears (Lair:8)
  2 boulder beetles
  13 blink frogs
  6 wyverns
  Sigmund (D:2)
  4 basilisks
  58 yaks
  A steam dragon (D:10)
  2 humans
  4 wargs
  16 hippogriffs
  6 wolves
  A naga (Lair:5)
  19 water moccasins
  14 porcupines
  2 hell hounds (Lair:8)
  An ice beast (D:7)
  A swamp drake (D:10)
  A wasp (D:9)
  2 sky beasts
  3 black bears
  24 orc warriors
  9 ogres
  4 phantoms
  The ghost of namelastname112 the Sneak, an amateur DrWz of Ru (D:5)
  14 centaurs
  15 crocodiles
  A gnoll sergeant (D:5)
  4 big kobolds (D:7)
  17 giant frogs
  2 scorpions
  9 wights
  6 crimson imps
  2 centaur zombies
  2 giant frog zombies
  4 hounds
  17 orc priests
  5 gnoll shamans
  2 centaur skeletons
  5 jellies
  3 giant frog skeletons
  Jessica (D:2)
  A hell rat (Lair:5)
  8 worker ants
  5 iguanas
  22 orc wizards
  11 sheep
  A hound skeleton (D:5)
  A worker ant zombie (D:5)
  45 gnolls
  13 adders
  66 river rats
  2 shadow imps
  2 adder skeletons (D:5)
  2 worms (D:3)
  7 giant geckos
  82 orcs
  A ball python (D:4)
  6 giant cockroaches
  4 goblins
  10 hobgoblins
  20 jackals
  8 kobolds
  6 quokkas
  13 bats
  A giant gecko skeleton (D:6)
  4 giant newts
  2 quokka zombies
  6 rats
  A fungus (D:7)
  A plant (Lair:8)
764 creatures vanquished.

Vanquished Creatures (collateral kills)
  Maud (Orc:2)
  A deep elf elementalist (Elf:2)
  An orc knight (Orc:2)
  A two-headed ogre (D:10)
  7 orc warriors (Orc:2)
  5 ogres
  2 wights (D:9)
  A worker ant (D:7)
  An adder (D:10)
  2 gnolls (D:7)
  An orc (D:7)
23 creatures vanquished.

Vanquished Creatures (others)
  9 dancing weapons
  A river rat (Lair:8)
  2 orcs (Orc:1)
  54 fungi
  32 plants
98 creatures vanquished.

Grand Total: 885 creatures vanquished

Notes
Turn   | Place    | Note
--------------------------------------------------------------
     0 | D:1      | namelastname112 the Draconian Wizard began the quest for the Orb.
     0 | D:1      | Reached XP level 1. HP: 14/14 MP: 4/4
   301 | D:1      | Reached skill level 1 in Fighting
   319 | D:1      | Reached XP level 2. HP: 18/23 MP: 1/6
   913 | D:2      | Noticed Jessica
   928 | D:2      | Killed Jessica
   928 | D:2      | Reached XP level 3. HP: 24/29 MP: 1/7
  1108 | D:2      | Reached XP level 4. HP: 36/36 MP: 3/8
  1208 | D:2      | Reached skill level 1 in Short Blades
  1394 | D:2      | Noticed Sigmund
  1470 | D:2      | Killed Sigmund
  1470 | D:2      | Reached XP level 5. HP: 9/41 MP: 2/9
  2147 | D:3      | Noticed namelastname112's ghost (amateur DrWz)
  2645 | D:3      | Reached XP level 6. HP: 39/48 MP: 5/10
  2909 | D:3      | Reached skill level 4 in Stealth
  3082 | D:3      | Found a sparkling altar of Nemelex Xobeh.
  4116 | D:4      | Found Gualemex's Armour Shop.
  4301 | D:5      | Entered Level 5 of the Dungeon
  4589 | D:5      | Killed namelastname112's ghost
  4589 | D:5      | Reached XP level 7. HP: 55/55 MP: 6/11
  4589 | D:5      | Your scales start taking on a dull iron-grey colour.
  4589 | D:5      | Gained mutation: You can survive without breathing. [Grey Draconian growth]
  4613 | D:5      | Reached skill level 5 in Stealth
  4829 | D:5      | Found a staircase to the Ecumenical Temple.
  4884 | Temple   | Entered the Ecumenical Temple
  4913 | Temple   | Became a worshipper of Gozag Ym Sagoz the Greedy
  4952 | D:5      | Found a deep blue altar of Sif Muna.
  5045 | D:5      | Found an oddly glowing altar of Pakellas.
  5045 | D:5      | Found a blossoming altar of Fedhas.
  5047 | D:5      | Found a basalt altar of Yredelemnul.
  5275 | D:4      | Reached skill level 5 in Short Blades
  5644 | D:5      | Found a snail-covered altar of Cheibriados.
  5645 | D:5      | Found a sparkling altar of Nemelex Xobeh.
  6625 | D:5      | Reached skill level 6 in Stealth
  6625 | D:5      | Reached XP level 8. HP: 12/61 MP: 12/12
  7881 | D:5      | Reached skill level 7 in Stealth
  9925 | D:6      | Learned a level 3 spell: Confuse
  9928 | D:6      | Learned a level 2 spell: Ensorcelled Hibernation
  9932 | D:6      | Learned a level 3 spell: Tukima's Dance
 10258 | D:6      | Reached skill level 1 in Hexes
 10682 | D:6      | Found a sacrificial altar of Ru.
 10900 | D:6      | Reached XP level 9. HP: 52/67 MP: 3/14
 11198 | D:6      | Reached skill level 8 in Stealth
 12267 | D:6      | Learned a level 1 spell: Apportation
 12697 | D:7      | Found an iron altar of Okawaru.
 13693 | D:7      | Reached skill level 5 in Spellcasting
 13949 | D:7      | Reached XP level 10. HP: 30/73 MP: 12/17
 14057 | D:7      | Reached skill level 9 in Stealth
 15492 | D:8      | Noticed Gastronok
 15568 | D:8      | Killed Gastronok
 15568 | D:8      | Reached skill level 5 in Hexes
 16058 | D:8      | Found a burning altar of Makhleb.
 16059 | D:8      | Found a shimmering altar of Xom.
 16344 | D:8      | Reached XP level 11. HP: 35/79 MP: 5/21
 16547 | D:8      | Reached skill level 10 in Stealth
 16739 | D:9      | Noticed Maurice
 16752 | D:9      | Killed Maurice
 17397 | D:9      | Got a translucent graven amulet
 17398 | D:9      | Identified the amulet of the Yeti {rN+ Regen+ Int+2} (You found it on level 9 of the Dungeon)
 17689 | D:9      | Reached skill level 10 in Short Blades
 17857 | D:10     | Entered Level 10 of the Dungeon
 17857 | D:10     | Noticed a hill giant
 17869 | D:10     | Killed a hill giant
 18113 | D:10     | Found Dol Qonn's Gadget Shoppe.
 18131 | D:10     | Found a staircase to the Lair.
 18246 | D:10     | Found Faessel's Magic Scroll Shoppe.
 18269 | D:10     | Found a staircase to the Orcish Mines.
 19004 | Lair:1   | Entered Level 1 of the Lair of Beasts
 19022 | Lair:1   | Noticed an eight-headed hydra
 19024 | Lair:1   | Killed an eight-headed hydra
 19085 | Lair:1   | Reached skill level 5 in Dodging
 19317 | Lair:1   | Reached skill level 5 in Fighting
 20093 | Lair:1   | Bought a pair of ancient boots for 199 gold pieces
 20103 | Lair:1   | Identified the cursed -3 pair of boots "Sacishro" {rC+ Str+5} (You bought it in a shop on level 1 of the Lair of Beasts)
 20244 | Lair:2   | Reached XP level 12. HP: 76/95 MP: 23/23
 21357 | Lair:3   | Reached skill level 11 in Stealth
 21471 | Lair:3   | Noticed Nergalle
 21489 | Lair:3   | Killed Nergalle
 23071 | Lair:4   | Got a distressingly furry cloak
 23072 | Lair:4   | Identified the +2 cloak of the Hot Ocelot {rElec Dex+2 Slay+3} (You found it on level 4 of the Lair of Beasts)
 23424 | Lair:4   | Reached XP level 13. HP: 108/108 MP: 22/25
 23702 | Lair:5   | Found a staircase to the Shoals.
 24275 | Lair:5   | Found a staircase to the Snake Pit.
 26115 | Lair:6   | Found a viscous altar of Jiyva.
 26115 | Lair:6   | Found a staircase to the Slime Pits.
 26155 | Lair:7   | Reached skill level 10 in Fighting
 26378 | Lair:7   | Reached skill level 12 in Stealth
 26877 | Lair:7   | Reached XP level 14. HP: 121/121 MP: 27/27
 27145 | Lair:8   | Entered Level 8 of the Lair of Beasts
 27610 | Lair:7   | Bought a runed dagger for 80 gold pieces
 27610 | Lair:7   | Bought a scorched rapier for 360 gold pieces
 27610 | Lair:7   | Identified the cursed +0 rapier of Defence {flame, Fragile rN+ MR+} (You bought it in a shop on level 7 of the Lair of Beasts)
 27973 | Lair:8   | Reached skill level 10 in Dodging
 28037 | Lair:8   | Reached skill level 10 in Spellcasting
 28625 | Lair:8   | Reached skill level 1 in Shields
 29206 | Lair:8   | Got a wavering silver ring
 29224 | Lair:8   | Identified the ring of Caaselow {rC++ Dex+4 SInv} (You found it on level 8 of the Lair of Beasts)
 29915 | Lair:1   | Learned a level 6 spell: Invisibility
 29918 | Lair:1   | Bought the +3 crown of Dyrovepreva {rElec Int+2 SInv} for 869 gold pieces
 29991 | Orc:1    | Entered Level 1 of the Orcish Mines
 30326 | Orc:2    | Entered Level 2 of the Orcish Mines
 30326 | Orc:2    | Found a staircase to the Elven Halls.
 30326 | Orc:2    | Noticed Maud
 30338 | Orc:2    | Reached skill level 13 in Stealth
 30361 | Orc:2    | Killed Maud
 30479 | Orc:2    | Reached skill level 5 in Shields
 30635 | Orc:2    | Found Plog's Armour Emporium.
 30635 | Orc:2    | Found Koinean's Armour Shop.
 30637 | Orc:2    | Found Qoxepof's Weapon Boutique.
 30639 | Orc:2    | Found Buthren's Jewellery Shoppe.
 30641 | Orc:2    | Reached XP level 15. HP: 126/126 MP: 27/29
 31640 | Elf:1    | Entered Level 1 of the Elven Halls
 31678 | Elf:2    | Reached skill level 10 in Hexes
 31786 | Orc:1    | Found Moinuomn's Food Shoppe.
 31786 | Orc:1    | Noticed yogakurto's ghost (journeyman GrMo)
 32147 | Orc:1    | HP: 3/126 [smoke demon/divine providence[an orc high priest] (13)]
 32148 | Orc:1    | HP: 1/126 [red devil/trident[an orc high priest] (2)]
 32150 | Orc:1    | Slain by a red devil

Vault maps used:
D:1:      dpeg_arrival_rooms_b
D:2:      uniq_jessica, uniq_sigmund
D:3:      nemelex_spade_bored_becter
D:4:      first_bread, serial_shops, shop_statue
D:5:      lemuel_castle_with_subvaults, nicolae_overflow_hidden_temple,
          temple_hall, lemuel_blue_sif_altar
D:6:      nicolae_ru_awakened_eye
D:7:      kennysheep_seaside_town, okawaru_humans
D:8:      grunt_temple_overflow_champion_of_chaos, grunt_ogre_cave,
          minmay_misc_feat_nine_boxes, minmay_stone_trees_medium, uniq_gastronok
D:9:      uniq_maurice
D:10:     minmay_lair_entry_lava, erik_orc_1, serial_shops, shop,
          kennysheep_mini
Temple:   temple_eino_lava_12
Lair:1:   guppyfry_lair_drakes
Lair:3:   uniq_nergalle
Lair:5:   beast_lair_carwin_large_3, minmay_shoals_entry_centaurs,
          guppyfry_snake_entry_island
Lair:6:   dpeg_slime_entry_enclosed_altar, nicolae_lair_grove_arrangements,
          lookout_lair_type
Lair:7:   hangedman_lair_generics_rect, grunt_megastairs_3
Lair:8:   hangedman_lair_in_review, special_room, st_stairs_6
Orc:1:    serial_shops, nicolae_shop_competitors_out_of_business
Orc:2:    st_orc_rangers, nicolae_orc_lava_tube, uniq_maud
Elf:1:    hangedman_elf_represent

Action                   |  1- 3 |  4- 6 |  7- 9 | 10-12 | 13-15 || total
-------------------------+-------+-------+-------+-------+-------++-------
Melee: Short sword       |    96 |   278 |   957 |       |       ||  1331
       Unarmed           |     1 |    10 |    11 |       |       ||    22
       Dagger            |       |       |   247 |   909 |  1006 ||  2162
Throw: Throwing net      |       |       |       |     1 |     3 ||     4
 Cast: Magic Dart        |    27 |    91 |       |       |       ||   118
       Ensorcelled Hiber |       |       |    55 |   211 |   227 ||   493
       Confuse           |       |       |     7 |    26 |    44 ||    77
       Tukima's Dance    |       |       |     8 |    16 |    15 ||    39
       Invisibility      |       |       |       |       |     5 ||     5
Invok: Potion Petition   |       |       |     1 |       |       ||     1
       Call Merchant     |       |       |       |     3 |     3 ||     6
Evoke: Wand              |       |       |    10 |       |     2 ||    12
  Use: Potion            |     1 |     8 |     4 |     3 |     1 ||    17
       Scroll            |       |    13 |     5 |     7 |     8 ||    33
 Stab: Sleeping          |     1 |     1 |    19 |   120 |   145 ||   286
       Distracted        |       |       |     4 |     7 |    20 ||    31
       Confused          |       |       |     4 |    20 |    21 ||    45
       Held in net/web   |       |       |       |     3 |     2 ||     5
       Paralysed         |       |       |       |     1 |       ||     1
       Invisible         |       |       |       |       |    14 ||    14
  Eat: Chunk             |     1 |     3 |       |       |       ||     4
       Bread ration      |       |     2 |     2 |     5 |     4 ||    13
       Meat ration       |       |       |     5 |     1 |       ||     6
       Beef jerky        |       |       |     2 |       |     9 ||    11
       Pizza             |       |       |       |     2 |       ||     2
       Royal jelly       |       |       |       |     1 |       ||     1
       Fruit             |       |       |       |     2 |       ||     2
